 Dungeon Crawl Stone Soup version 0.29.1-15-g9cfb28693d (webtiles) character file.

Game seed: 3859022461382164570

146 protoss039 the Digger (level 5, -5/39 HPs)
             Began as a Demonspawn Earth Elementalist on Mar 21, 2023.
             Killed by nerve-wracking pain
             ... invoked by an orc priest
              (12 damage)
             ... on level 3 of the Dungeon.
             The game lasted 00:02:52 (3557 turns).

protoss039 the Digger (DsEE)                        Turns: 3557, Time: 00:02:53

Health: -5/39      AC:  6    Str:  8    XL:     5   Next: 7%
Magic:  8/9        EV: 12    Int: 18    God:
Gold:   144        SH:  0    Dex: 14    Spells: 4/10 levels left

rFire   . . .      SeeInvis .   g - +1 short sword (venom)
rCold   . . .      Faith    .   (no shield)
rNeg    . . .      Spirit   .   a - +0 robe
rPois   .          Reflect  .   (no helmet)
rElec   .          Harm     .   t - +0 cloak
rCorr   +          Rampage  .   (no gloves)
Will    .....                   (no boots)
Stlth   ++........              (no amulet)
HPRegen 0.13/turn               j - ring of wizardry
MPRegen 0.22/turn               s - ring of resist corrosion

@: brilliant
A: thin metallic scales 2, magic regeneration, demonic touch 1
a: no special abilities


You were on level 3 of the Dungeon.
You visited 1 branch of the dungeon, and saw 3 of its levels.

You collected 144 gold pieces.

Inventory:

Hand Weapons
 g - a +1 short sword of venom (weapon)
Armour
 a - a +0 robe (worn)
 t - a +0 cloak (worn)
Magical Staves
 i - a staff of death
Jewellery
 j - a ring of wizardry (left hand)
 m - a ring of ice
 s - a ring of resist corrosion (right hand)
Scrolls
 c - 2 scrolls of butterflies
 d - a scroll of noise {unknown}
 e - 2 scrolls of teleportation {unknown}
 f - 2 scrolls of immolation {unknown}
 k - a scroll of amnesia {unknown}
 l - a scroll of enchant weapon {unknown}
 o - a scroll of poison {unknown}
 q - a scroll of brand weapon {unknown}
 v - a scroll of enchant armour {unknown}
Potions
 b - a potion of heal wounds {unknown}
 h - a potion of brilliance
 n - 2 potions of degeneration {unknown}
 p - a potion of magic
 r - a potion of cancellation {unknown}
 u - a potion of mutation {unknown}


   Skills:
 + Level 2.4 Fighting
 - Level 1.7 Dodging
 - Level 1.7 Stealth
 + Level 3.2 Spellcasting
 - Level 0.8 Transmutations
 + Level 3.7 Earth Magic


You had 4 spell levels left.
You knew the following spells:

 Your Spells              Type           Power      Damage    Failure   Level
a - Sandblast             Erth           48%        2d12      1%          1
b - Passwall              Tmut/Erth      13%        N/A       4%          2
c - Stone Arrow           Conj/Erth      28%        3d8       9%          3

Your spell library contained the following spells:

 Spells                   Type           Power      Damage    Failure   Level
 Petrify                  Tmut/Erth      16%        N/A       24%         4


Dungeon Overview and Level Annotations

Branches:
Dungeon (3/15) Zot: 14413

Altars:
Ru


Innate Abilities, Weirdness & Mutations

You are mostly covered in thin metallic scales. (AC +3)
You regenerate magic rapidly.
Your touch may inflict minor irresistible damage on your foes.


Message History

The orc hits you with a +0 dagger of freezing.
The orc freezes you. The orc hits you with a +0 whip.
The orc priest barely misses you.
Unknown command.
You are too injured to fight recklessly!
Unknown command.
You are too injured to fight recklessly!
Casting: Sandblast (safe; 1% risk of failure)
Confirm with . or Enter, or press ? or * to list all spells.
Aiming: Sandblast (safe; 1% risk of failure)
Press: ? - help, Shift-Dir - straight line, f - orc priest
Aim: an orc priest, wielding a +0 hand axe and wearing a +0 chain mail (moderately wounded, very poisoned, 87% to hit)
The blast of sand hits the orc priest but does no damage.
The orc priest is moderately wounded.
A quokka comes into view.
The orc hits you with a +0 dagger of freezing.
* * * LOW HITPOINT WARNING * * *
The orc freezes you.
* * * LOW HITPOINT WARNING * * *
The orc priest barely misses you. The orc hits you but does no damage.
The orc closely misses you. The orc priest misses you.
The orc hits you but does no damage.
Unknown command.
You hit the orc priest.
The orc priest looks as sick as possible!
You touch the orc priest.
The orc priest is severely wounded.
The orc closely misses you.
The orc priest calls down the wrath of Beogh upon you.
Pain shoots through your body!
* * * LOW HITPOINT WARNING * * *
The orc barely misses you.
Unknown command.
Unknown command.
It was a potion of brilliance.
You feel clever all of a sudden. The orc hits you but does no damage.
The orc barely misses you.
The orc priest mumbles some strange prayers to Beogh against you.
Pain shoots through your body!
You die...

...........# #.
#..........#######.
###.............
#.#.#...........
#...###.........
#######.###...........
..#.......###.##...)....
........................
......o@....^...........
###.#..oo.######.....[..
.. #..r..# #........ ##
#..r..# #........
#.....# #########
#[....# #.....# #......


You could see an orc priest (extremely poisoned), 2 orcs, a quokka and a rat.

Vanquished Creatures
  An orc wizard (D:3)
  5 adders
  A worm (D:2)
  A dart slug (D:3)
  7 orcs
  2 ball pythons (D:1)
  2 endoplasms
  2 giant cockroaches (D:2)
  7 goblins
  8 hobgoblins
  4 jackals (D:1)
  6 kobolds
  8 bats
  3 frilled lizards (D:2)
  3 rats
60 creatures vanquished.

Notes
Turn   | Place    | Note
-------+----------+-------------------------------------------
     0 | D:1      | protoss039 the Demonspawn Earth Elementalist began the
                  | quest for the Orb.
     0 | D:1      | Reached XP level 1. HP: 13/13 MP: 3/3
   438 | D:1      | Found a faded altar of an unknown god.
   440 | D:1      | Gained mutation: Your touch may inflict minor irresistible
                  | damage on your foes. [demonic ancestry]
   440 | D:1      | Reached XP level 2. HP: 20/20 MP: 3/5
   701 | D:1      | Reached skill level 1 in Fighting
  1129 | D:1      | Learned a level 2 spell: Passwall
  1268 | D:2      | Gained mutation: You are partially covered in thin metallic
                  | scales. (AC +2) [demonic ancestry]
  1268 | D:2      | Reached XP level 3. HP: 14/26 MP: 6/6
  2121 | D:2      | Gained mutation: You are mostly covered in thin metallic
                  | scales. (AC +3) [demonic ancestry]
  2121 | D:2      | Reached XP level 4. HP: 33/33 MP: 8/8
  2486 | D:2      | Found a sacrificial altar of Ru.
  2998 | D:2      | Learned a level 3 spell: Stone Arrow
  3211 | D:3      | Gained mutation: You regenerate magic rapidly. [demonic
                  | ancestry]
  3211 | D:3      | Reached XP level 5. HP: 11/39 MP: 4/9
  3557 | D:3      | Killed from afar by an orc priest

Illustrated notes

Levels and vault maps discovered:
D:1:      lemuel_arrival_broad_hall, layout_loops_cross,
          shapermc_ecumenical_altar_starsandcircs
D:2:      wad_river_or_something, layout_basic, basic_altar
D:3:      layout_basic, uniq_sigmund

Skill      XL: |  1  2  3  4 |
---------------+-------------+-----
Fighting       | 1 2 |  2.4
Earth Magic    | 3 |  3.7
Spellcasting   | 3 |  3.2
Dodging        | |  1.7
Stealth        | |  1.7
Transmutations | |  0.8

Action                   |  1- 3 |  4- 6 || total
-------------------------+-------+-------++-------
Melee: Unarmed           |     5 |       ||     5
       Short sword       |    44 |    45 ||    89
       Touch             |     6 |     6 ||    12
 Cast: Sandblast         |    23 |     9 ||    32
  Use: Potion            |     1 |     1 ||     2
       Scroll            |       |     1 ||     1
 Stab: Sleeping          |     5 |     2 ||     7
Armor: Robe              |    19 |    17 ||    36
Dodge: Dodged            |    53 |    33 ||    86
